 Dungeon Crawl Stone Soup version 0.30.0-29-ga12c61a403 (webtiles) character file.

Game seed: 1998447158630644411

49 DildoBatman the Conjurer (level 4, -5/29 (32) HPs)
             Began as a Formicid Conjurer on June 14, 2023.
             Slain by a gnoll
             ... wielding a +0 club
              (7 damage)
             ... on level 2 of the Dungeon.
             The game lasted 00:02:24 (1013 turns).

DildoBatman the Conjurer (Formicid Conjurer)        Turns: 1013, Time: 00:02:24

HP:   -5/29 (32)    AC:  2    Str: 12    XL:     4   Next: 2%
MP:   2/7           EV: 12    Int: 19    God:
Gold: 92            SH:  0    Dex: 12    Spells: 5/8 levels left

rFire   . . .        k - +0 short sword
rCold   . . .        (no shield)
rNeg    . . .        a - +0 robe
rPois   .            (helmet unavailable)
rElec   .            (no cloak)
rCorr   .            (no gloves)
SInv    +            (no boots)
Will    .....        (no amulet)
Stlth   ++           i - ring of wizardry
HPRegen 0.24/turn    (no ring)
MPRegen 0.10/turn

%: wizardry (x1)
@: drained
A: permanent stasis, dig shafts and tunnels, antennae 3, four strong arms
a: Dig, Shaft Self


You were on level 2 of the Dungeon.
You visited 1 branch of the dungeon, and saw 2 of its levels.

You collected 92 gold pieces.

Inventory:

Hand Weapons
 h - a +0 club
 k - a +0 short sword (weapon)
Armour
 a - a +0 robe (worn)
Jewellery
 i - a ring of wizardry (left hand)
Scrolls
 c - a scroll of identify {unknown}
 d - a scroll of fog {unknown}
 g - 2 scrolls of teleportation {unknown}
 l - a scroll of blinking {unknown}
 m - a scroll of vulnerability {unknown}
 n - a scroll of amnesia {unknown}
 o - a scroll of poison {unknown}
Potions
 b - a potion of magic
 e - a potion of attraction {unknown}
 f - a potion of heal wounds {unknown}
 j - a potion of resistance {unknown}
 p - a potion of haste {unknown}


   Skills:
 * Level 1.2 Fighting
 * Level 1.1 Armour
 * Level 2.1 Dodging
 - Level 3.0 Stealth
 * Level 2.6 Spellcasting
 * Level 3.8 Conjurations


You had 5 spell levels left.
You knew the following spells:

 Your Spells              Type           Power      Damage    Failure   Level
a - Searing Ray           Conj           34%        2d5       1%          2
c - Magic Dart            Conj           68%        1d6       1%          1

Your spell library contained the following spells:

 Spells                   Type           Power      Damage    Failure   Level
 Dazzling Flash           Conj/Hex       18%        N/A       9%          3
 Inner Flame              Hex/Fire       2%         N/A       19%         3
 Flame Wave               Conj/Fire      9%         2d6       26%         4
 Fulminant Prism          Conj/Hex       4%         3d5       26%         4
 Iskenderun's Mystic Bla  Conj/Tloc      9%         2d4       26%         4
 Sticky Flame             Conj/Fire      9%         2d3       26%         4


Dungeon Overview and Level Annotations

Branches:
Dungeon (2/15)

Altars:


Innate Abilities, Weirdness & Mutations

You cannot be hasted, slowed, berserked, paralysed or teleported.
You can dig through walls and to a lower floor.
You have a pair of large antennae on your head. (SInv)
Your four strong arms can wield two-handed weapons with a shield.


Message History

t - Shout!
Orders for allies: a - Attack new target. r - Retreat! s - Stop attacking. g - Guard the area. f - Follow me.
Anything else - Cancel.
You shout for attention!
The gnoll closely misses you. What are your orders? t - Shout!
Orders for allies: a - Attack new target. r - Retreat! s - Stop attacking. g - Guard the area. f - Follow me.
Anything else - Cancel.
You shout for attention!
The gnoll misses you. What are your orders? t - Shout!
Orders for allies: a - Attack new target. r - Retreat! s - Stop attacking. g - Guard the area. f - Follow me.
Anything else - Cancel.
You shout for attention!
The gnoll hits you with a +0 club. What are your orders? t - Shout!
Orders for allies: a - Attack new target. r - Retreat! s - Stop attacking. g - Guard the area. f - Follow me.
Anything else - Cancel.
You shout for attention!
The gnoll hits you with a +0 club! What are your orders? t - Shout!
Orders for allies: a - Attack new target. r - Retreat! s - Stop attacking. g - Guard the area. f - Follow me.
Anything else - Cancel.
You shout for attention!
The gnoll hits you with a +0 club!
You die...

..g##........
.#{.........#
..{...[...#.. {
.g{.......#.##
#...#######..##### {
...<...####......#
..####......## #.###
...#######...###...###
##....#####.....@g...#
............#####.####
.............#####.##
##.#..##............##
##.##.>..†##......#..###
#..######.#######...)).#
..## #..# ######## ...#
#..# .#.######..#


You could see a gnoll.

Vanquished Creatures
  2 gnolls (D:2)
  4 ball pythons (D:1)
  3 bats (D:2)
  3 endoplasms
  2 goblins (D:1)
  A hobgoblin (D:2)
  A quokka (D:1)
  A frilled lizard (D:1)
  5 kobolds (D:2)
  4 rats
26 creatures vanquished.

Notes
Turn   | Place    | Note
-------+----------+-------------------------------------------
     0 | D:1      | DildoBatman the Formicid Conjurer began the quest for the
                  | Orb.
     0 | D:1      | Reached XP level 1. HP: 13/13 MP: 3/3
   307 | D:1      | Reached XP level 2. HP: 20/20 MP: 1/5
   310 | D:1      | Learned a level 2 spell: Searing Ray
   835 | D:2      | Reached XP level 3. HP: 25/25 MP: 2/6
   874 | D:2      | Reached skill level 1 in Fighting
   990 | D:2      | Reached skill level 1 in Armour
   993 | D:2      | Reached XP level 4. HP: 26/32 MP: 0/7
  1013 | D:2      | Slain by a gnoll

Illustrated notes

Levels and vault maps discovered:
D:1:      nzn_arrival_depleted_hourglass, layout_basic
D:2:      layout_rooms, basic_altar, minmay_goblin_kobold_house

Skill      XL: |  1  2  3 |
---------------+----------+-----
Dodging        | 2 |  2.1
Fighting       | 1 |  1.2
Armour         | 1 |  1.1
Stealth        | 3 |  3.0
Spellcasting   | |  2.6
Conjurations   | |  3.8

Action                     |  1- 3 |  4- 6 || total
---------------------------+-------+-------++-------
  Melee: Club              |     6 |       ||     6
         Unarmed           |     4 |       ||     4
         Punch             |     1 |       ||     1
         Short sword       |    16 |       ||    16
   Cast: Magic Dart        |    38 |       ||    38
         Searing Ray       |     3 |       ||     3
Ability: Dig               |       |     1 ||     1
 Armour: Robe              |     7 |     2 ||     9
  Dodge: Dodged            |    41 |     6 ||    47
